 Dungeon Crawl Stone Soup version 0.17.2-1-ge4368a0 (webtiles) character file.

177 Charly the Insei (level 5, -1/28 HPs)
             Began as a Vine Stalker Chaos Knight on July 2, 2017.
             Slain by Pikel
             ... wielding a +2 whip of freezing
              (3 damage)
             ... on level 4 of the Dungeon.
             The game lasted 00:05:49 (487 turns).

Charly the Insei (Vine Stalker Chaos Knight)         Turns: 487, Time: 00:05:51

Health: -1/28      AC:  5    Str: 14    XL:     5   Next: 57%
Magic:  0/6        EV: 16    Int: 12    God:    Xom [*.....]
Gold:   10         SH:  0    Dex: 20    Spells: 0 memorised, 4 levels left

rFire  . . .     SeeInvis .       - Unarmed
rCold  . . .     Clarity  .     a - +2 leather armour
rNeg   . . .     SustAt   .     (no shield)
rPois  .         Gourm    .     (no helmet)
rElec  .         Spirit   +     (no cloak)
rCorr  .         Warding  .     (no gloves)
rMut   .         Stasis   .     (no boots)
MR     .....                    (no amulet)
Stlth  ++++......               (no ring)
                                j - ring of stealth

@: agile, not resistant to hostile enchantments, stealthy
A: fangs 2, regeneration 1, magic shield, antimagic bite, no device heal 3, rot
immunity
a: Renounce Religion


You were on level 4 of the Dungeon.
You worshipped Xom.
You were a special plaything of Xom.
You were not hungry.

You visited 1 branch of the dungeon, and saw 6 of its levels.

You collected 10 gold pieces.

Inventory:

Armour
 a - a +2 leather armour (worn)
 f - a +0 scale mail
Jewellery
 j - a ring of stealth (left hand)
Wands
 g - a wand of flame (12)
Scrolls
 c - a scroll of magic mapping {unknown}
 e - a scroll of identify
Potions
 h - a potion of curing
 i - a potion of agility
Comestibles
 b - 2 bread rations
 d - a meat ration


   Skills:
 + Level 3.6 Fighting
 - Level 1.5 Armour
 - Level 0.7 Dodging
 + Level 5.4 Unarmed Combat


You had 4 spell levels left.
You didn't know any spells.

Dungeon Overview and Level Annotations

Branches:
Dungeon (6/15)
 Temple: D:4-7

Altars:
Zin

Shops:
D:5 }

Annotations:
D:4 Charly's ghost, weakling VSMo; Pikel


Innate Abilities, Weirdness & Mutations

You have extremely sharp teeth.
Your natural rate of healing is unusually fast.
When hurt, damage is shared between your health and your magic reserves.
Your bite disrupts and absorbs the magic of your enemies.
Potions and wands cannot restore your health.
You are immune to rotting.


Message History

Pikel hits you with a whip of freezing. Pikel freezes you.
You closely miss Pikel. Your bite misses Pikel.
Pikel is moderately wounded. "Go forth and cause havoc, mortal!"
You feel more agile all of a sudden.
You are now a special plaything of Xom.
You miss Pikel.
Pikel is moderately wounded.
Pikel says, "Slavery isn't that bad."
Pikel hits you with a whip of freezing.
* * * LOW HITPOINT WARNING * * *
Pikel freezes you.
* * * LOW HITPOINT WARNING * * *
You hit Pikel. Your bite misses Pikel.
Pikel is moderately wounded.
Pikel hits you with a whip of freezing!
* * * LOW HITPOINT WARNING * * *
Pikel freezes you.
You die...
Xom titters! #.# ...... ... ..... ..# .... .. ... #.#pW .pp

#K## +#
#@.##.#
##.##.#
#..#.#
##.#.#
#...#
##..#
##..######
#..>.....#
#........#


You could see Pikel, a phantom and 3 slaves.

Vanquished Creatures
  A phantom (D:5)
  A giant frog zombie (D:5)
  Ijyb (D:3)
  2 adders
  A giant cockroach (D:5)
  8 jackals
  A kobold (D:3)
  2 rats
17 creatures vanquished.

Notes
Turn   | Place    | Note
--------------------------------------------------------------
     0 | D:1      | Charly the Vine Stalker Chaos Knight began the quest for the Orb.
     0 | D:1      | Reached XP level 1. HP: 11/11 MP: 2/2
    88 | D:3      | Noticed Ijyb
    95 | D:3      | XOM: potion effect (might)
    95 | D:3      | XOM: butterfly on damage
    99 | D:3      | Killed Ijyb
    99 | D:3      | Reached skill level 4 in Unarmed Combat
    99 | D:3      | Reached XP level 2. HP: 4/16 MP: 3/3
    99 | D:3      | Reached XP level 3. HP: 4/19 MP: 4/4
   243 | D:3      | You fall through a shaft for 2 floors!
   243 | D:5      | XOM: stealth player
   243 | D:5      | Entered Level 5 of the Dungeon
   248 | D:5      | Found Looptoj's Gadget Boutique.
   314 | D:5      | Found a glowing silver altar of Zin.
   348 | D:5      | XOM: harmless Trmt miscast
   378 | D:5      | Reached XP level 4. HP: 13/24 MP: 2/5
   389 | D:5      | Noticed a phantom
   404 | D:5      | Killed a phantom
   404 | D:5      | Reached skill level 5 in Unarmed Combat
   404 | D:5      | Reached XP level 5. HP: 19/28 MP: 3/6
   470 | D:4      | XOM: harmless Fire miscast
   476 | D:4      | Noticed Pikel
   476 | D:4      | Noticed a slave
   476 | D:4      | Noticed a slave
   476 | D:4      | Noticed a slave
   479 | D:4      | Noticed a slave
   479 | D:4      | Noticed a phantom
   479 | D:4      | Noticed Charly's ghost (weakling VSMo)
   485 | D:4      | XOM: potion effect (agility)
   487 | D:4      | Slain by Pikel

Action                   |  1- 3 |  4- 6 || total
-------------------------+-------+-------++-------
Melee: Unarmed           |    42 |    30 ||    72
Evoke: Wand              |       |     8 ||     8
  Use: Scroll            |     4 |     1 ||     5
       Potion            |       |     1 ||     1
 Stab: Sleeping          |     2 |       ||     2
